 Dungeon Crawl Stone Soup version 0.31-a0-366-ga77b45bd9b (webtiles) character file.

Game seed: 8609910271747549639

3078 M4edhros the Martial Artist (level 9, -5/51 (53) HPs)
             Began as an Octopode Artificer on July 28, 2023.
             Was a Believer of Cheibriados.
             Slain by a howler monkey (7 damage)
             ... on level 8 of the Dungeon.
             The game lasted 00:07:01 (8126 turns).

M4edhros the Martial Artist (Octopode Artificer)    Turns: 8126, Time: 00:07:02

HP:   -5/51 (53)    AC:  1    Str: 16    XL:     9   Next: 89%
MP:   9/9           EV: 14    Int: 25    God:    Cheibriados [**....]
Gold: 374           SH:  5    Dex: 21    Spells: 8/8 levels left

rFire   . .          .
                       - Unarmed
rCold   . . .        (no shield)
rNeg    . . .        (helmet restricted)
rPois   +            i - amulet of reflection
rElec   .            f - ring of poison resistance
rCorr   .            e - +6 ring of intelligence
SInv    .            (no ring)
Will    .....        (no ring)
Stlth   +++          (no ring)
HPRegen 0.28/turn    (no ring)
MPRegen 0.11/turn    (no ring)
                     (no ring)

%: reflection
@: lightly drained, very slow
A: almost no armour, amphibious, 8 rings, camouflage 1, gelatinous body 1,
(nimble swimmer 1), tentacles
a: Renounce Religion, Bend Time


You were on level 8 of the Dungeon.
You worshipped Cheibriados.
Cheibriados was pleased with you.
You visited 2 branches of the dungeon, and saw 9 of its levels.

You collected 374 gold pieces.

Inventory:

Armour
 n - an orb of guile
Jewellery
 e - a +6 ring of intelligence (right tentacle)
 f - a ring of poison resistance (left tentacle)
 i - an amulet of reflection (around mantle)
Wands
 b - a wand of flame (7) (quivered)
 c - a wand of charming (4)
 d - a wand of iceblast (5)
 l - a wand of polymorph (9)
 x - a wand of paralysis (11)
Scrolls
 a - 2 scrolls of enchant armour {unknown}
 g - 9 scrolls of identify {unknown}
 h - 2 scrolls of fear {unknown}
 j - a scroll of blinking {unknown}
 k - 2 scrolls of fog {unknown}
 m - a scroll of teleportation {unknown}
 r - 2 scrolls of revelation {unknown}
 t - a scroll of silence {unknown}
 v - a scroll of amnesia {unknown}
 w - a scroll of enchant weapon {unknown}
Potions
 o - a potion of degeneration {unknown}
 p - 2 potions of heal wounds {unknown}
 q - a potion of invisibility {unknown}
 s - a potion of attraction {unknown}
 z - a potion of mutation {unknown}
 A - a potion of brilliance


   Skills:
 - Level 1.0 Fighting
 - Level 2.3 Dodging
 - Level 1.3 Stealth
 + Level 13.3 Unarmed Combat
 - Level 3.2 Evocations


You had 8 spell levels left.
You didn't know any spells.
Your spell library contained the following spells:

 Spells                   Type           Power      Damage    Failure   Level
 Wereblood                Tmut           0%         N/A       21%         2
 Call Canine Familiar     Summ           0%         N/A       38%         3
 Portal Projectile        Hex/Tloc       0%         N/A       38%         3
 Leda's Liquefaction      Hex/Erth       0%         N/A       80%         4
 Irradiate                Conj/Tmut      0%         3d11      98%         5


Dungeon Overview and Level Annotations

Branches:
Dungeon (8/15)             Temple (1/1) D:4
   Lair: D:8-11

Altars:
Ashenzari
Cheibriados
Dithmenos
Fedhas
Gozag
Hepliaklqana
Kikubaaqudgha
Makhleb
Nemelex Xobeh
Okawaru
Ru
Sif Muna
Uskayaw
Vehumet
Wu Jian
Xom
Yredelemnul
The Shining One

Annotations:
D:2 Natasha
D:7 exclusion: oklob plant


Innate Abilities, Weirdness & Mutations

You cannot wear most types of armour.
You are amphibious.
You can wear up to eight rings at the same time.
Your skin changes colour to match your surroundings (Stealth+).
Your rubbery body absorbs attacks. (AC +1, EV +1)
((You are camouflaged when in or above water. (Stealth+)))
You have tentacles for arms and can constrict up to eight enemies at once.


Message History

The killer bee is moderately wounded.
You feel sick. The killer bee closely misses you.
You block the killer bee's attack.
You bludgeon the killer bee! You grab the killer bee.
The killer bee is severely wounded.
You constrict the killer bee.
You feel sick.
The howler monkey hoots and howls with incredible vigour!
The killer bee stings you but does no damage.
You hear a shout!
You barely miss the killer bee. You tentacle-slap the killer bee.
You kill the killer bee!
Cheibriados thoroughly appreciates the change of pace.
You feel sick.
You feel better. The howler monkey hits you!
* * * LOW HITPOINT WARNING * * *
A wight comes into view. It is wielding a +0 scimitar.
The wight misses you.
You closely miss the howler monkey. You grab the howler monkey.
You constrict the howler monkey. The howler monkey closely misses you.
A wight comes into view. It is wielding a +5 halberd.
A wight comes into view. It is wielding a +5 short sword.
The wight hits you with a +4 short sword!
* * * LOW HITPOINT WARNING * * *
You feel drained.
* * * LOW HITPOINT WARNING * * *
Aiming: Charm
Press: ? - help, Shift-Dir - straight line, f/p - howler monkey
Aim: a howler monkey (lightly wounded, constricted by you, chance to affect: 66%)
The wight resists with significant effort.
You constrict the howler monkey. The howler monkey closely misses you.
The wight closely misses you.
Unknown command.
Aiming: Charm
Press: ? - help, Shift-Dir - straight line, f/p - howler monkey
Aim: a howler monkey (moderately wounded, constricted by you, chance to affect: 66%)
The wight resists with significant effort.
You constrict the howler monkey.
The howler monkey hoots and howls with incredible vigour!
The wight barely misses you. The howler monkey hits you!
You die...

.... ##..#
...# # ##..#.#
#...#.#####
#.....?....
#...# #
...######..#.#
..zz..z@h.#..#
.z#######..###
#..........#
........##.#
##^####.# ...
#.# #### #.##
#..#######
#........#


You could see a howler monkey and 4 wights.

Vanquished Creatures
  Pikel (D:7)
  Grinder (D:5)
  Prince Ribbit (D:6)
  Edmund (D:5)
  2 water moccasins
  An orc warrior (D:6)
  3 black bears
  2 ogres
  A phantom (D:5)
  A gnoll sergeant (D:5)
  3 scorpions
  4 killer bees (D:8)
  A howler monkey (D:8)
  A jelly (D:5)
  An orc priest (D:3)
  6 hounds
  Terence (D:2)
  4 iguanas
  4 sleepcaps
  Natasha (D:2)
  2 orc wizards
  6 gnolls (D:5)
  7 adders
  A shadow imp (D:7)
  A white imp (D:5)
  An ufetubus (D:5)
  3 worms
  A dart slug (D:3)
  17 orcs
  7 endoplasms
  6 giant cockroaches
  8 goblins
  5 hobgoblins
  20 jackals
  7 ball pythons
  12 bats
  A frilled lizard (D:2)
  4 kobolds
  A rat (D:2)
150 creatures vanquished.

Vanquished Creatures (collateral kills)
  An orc (D:3)
1 creature vanquished.

Vanquished Creatures (others)
  A black bear (D:5)
  An orc wizard (D:6)
2 creatures vanquished.

Grand Total: 153 creatures vanquished

Notes
Turn   | Place    | Note
-------+----------+-------------------------------------------
     0 | D:1      | M4edhros the Octopode Artificer began the quest for the
                  | Orb.
     0 | D:1      | Reached XP level 1. HP: 13/13 MP: 1/1
    74 | D:1      | Reached skill level 1 in Unarmed Combat
   239 | D:1      | Reached XP level 2. HP: 18/18 MP: 2/2
   642 | D:2      | Reached skill level 2 in Unarmed Combat
   667 | D:2      | Reached XP level 3. HP: 13/23 MP: 3/3
   782 | D:2      | Reached skill level 3 in Unarmed Combat
   958 | D:2      | Noticed Terence
  1025 | D:2      | Noticed Natasha
  1035 | D:2      | Killed Natasha
  1036 | D:2      | Reached XP level 4. HP: 9/28 MP: 4/4
  1338 | D:2      | Noticed Natasha
  1346 | D:2      | Killed Terence
  1347 | D:2      | Reached skill level 4 in Unarmed Combat
  1486 | D:2      | Reached XP level 5. HP: 33/33 MP: 5/5
  2132 | D:3      | Found an iron altar of Okawaru.
  2206 | D:3      | Found an ornate altar of the Wu Jian Council.
  2315 | D:3      | Reached skill level 5 in Unarmed Combat
  2534 | D:3      | Found a radiant altar of Vehumet.
  2850 | D:3      | Found a glowing golden altar of the Shining One.
  3044 | D:4      | Reached XP level 6. HP: 37/38 MP: 6/6
  3135 | D:4      | Found a broken altar of Ashenzari.
  3142 | D:4      | Found an ancient bone altar of Kikubaaqudgha.
  3273 | D:4      | Reached skill level 6 in Unarmed Combat
  3817 | D:4      | Reached XP level 7. HP: 14/43 MP: 7/7
  3932 | D:4      | Found a staircase to the Ecumenical Temple.
  4173 | Temple   | Entered the Ecumenical Temple
  4182 | Temple   | Became a worshipper of Cheibriados the Contemplative
  4401 | D:5      | Entered Level 5 of the Dungeon
  4409 | D:5      | Reached skill level 7 in Unarmed Combat
  4611 | D:5      | Reached skill level 8 in Unarmed Combat
  4870 | D:5      | Noticed Grinder
  4888 | D:5      | Reached XP level 8. HP: 20/48 MP: 8/8
  4967 | D:5      | Reached skill level 9 in Unarmed Combat
  4967 | D:5      | Reached * piety under Cheibriados
  4985 | D:5      | Paralysed by Grinder for 2 turns
  4989 | D:5      | Killed Grinder
  5018 | D:5      | Noticed Edmund
  5023 | D:5      | Found a shimmering altar of Xom.
  5025 | D:5      | Found a basalt altar of Yredelemnul.
  5025 | D:5      | Found a sparkling altar of Nemelex Xobeh.
  5028 | D:5      | Found a shimmering altar of Xom.
  5028 | D:5      | Found a radiant altar of Vehumet.
  5028 | D:5      | Found a shadowy altar of Dithmenos.
  5068 | D:5      | Killed Edmund
  5069 | D:5      | Reached skill level 10 in Unarmed Combat
  5071 | D:5      | Found a hazy altar of Hepliaklqana.
  6408 | D:6      | Reached skill level 11 in Unarmed Combat
  6424 | D:6      | Reached XP level 9. HP: 32/53 MP: 9/9
  6693 | D:6      | Noticed Prince Ribbit
  6700 | D:6      | Killed Prince Ribbit
  6729 | D:6      | Reached ** piety under Cheibriados
  6790 | D:6      | Found a burning altar of Makhleb.
  7151 | D:7      | Reached skill level 12 in Unarmed Combat
  7417 | D:7      | Noticed Pikel
  7429 | D:7      | Killed Pikel
  7451 | D:7      | Reached skill level 13 in Unarmed Combat
  7749 | D:7      | Found a blossoming altar of Fedhas.
  8008 | D:7      | Noticed an oklob plant
  8124 | D:8      | HP: 2/53 [wight/+4 short sword (10)]
  8126 | D:8      | Slain by a howler monkey

Illustrated notes

Levels and vault maps discovered:
D:1:      wander_arrival_fairy_ring, layout_basic
D:2:      minmay_inner_zag, layout_basic, uniq_natasha, uniq_terence
D:3:      layout_basic, nicolae_wu_jian_wuxing_cycle,
          lemuel_coloured_pillars_altar, nicolae_vehumet_altar_sigil,
          mainiacjoe_overflow_alcove_4, roderic_batcave
D:4:      layout_layer_cave, mainiacjoe_overflow_large_starburst,
          minmay_temple_entry_tees
D:5:      layout_layer_cave, kennysheep_mini_moat, doesnt_xom_only_xom,
          cheibrodos_sewer_entry_bend, uniq_edmund, uniq_grinder
D:6:      layout_rooms, makhleb_heckhound_becter, amethyst_killhole,
          nicolae_concentric_dashed_squares_mild, uniq_prince_ribbit1
D:7:      layout_loops_ring, tgw_fedhas, uniq_pikel
D:8:      layout_loops_ring, lemuel_tele_altar, serial_bayou_pond_d
Temple:   hellmonk_temple_two_chambers

Skill      XL: |  1  2  3  4  5  6  7  8  9 |
---------------+----------------------------+-----
Unarmed Combat | 1 2 3 4 5 6 8 11 13 | 13.3
Fighting       | |  1.0
Dodging        | |  2.3
Stealth        | |  1.3
Evocations     | |  3.2

Action                     |  1- 3 |  4- 6 |  7- 9 || total
---------------------------+-------+-------+-------++-------
  Melee: Unarmed           |    91 |   133 |   153 ||   377
         Tentacles         |    20 |    29 |    36 ||    85
         Constrict         |    18 |    35 |    38 ||    91
         Punch             |     2 |     4 |    14 ||    20
  Evoke: Wand              |     2 |     7 |    26 ||    35
    Use: Potion            |     2 |       |     7 ||     9
   Stab: Sleeping          |     8 |     7 |    10 ||    25
         Distracted        |     1 |       |       ||     1
 Armour: Skin              |     4 |    12 |     6 ||    22
  Dodge: Dodged            |    54 |   107 |    76 ||   237
  Block: Other             |       |    31 |    34 ||    65
         Reflection        |       |     1 |     1 ||     2

Table legend: (Time is in decaauts)
 A = Elapsed time spent in this place.
 B = Non-inter-level travel time spent in this place.
 C = Inter-level travel time spent in this place.
 D = Time resting spent in this place.
 E = Time spent auto-exploring this place.
 F = Levels seen in this place.
 G = Mean time per level.
                   A        B        C        D        E       F      G
               +--------+--------+--------+--------+--------+-----+--------+
         Total |   9179 |   8826 |    353 |     94 |   7190 |   9 | 1019.9 |
       Dungeon |   9158 |   8817 |    341 |     94 |   7190 |   8 | 1144.8 |
        Temple |     20 |      9 |     11 |      0 |      0 |   1 |   20.0 |
               +--------+--------+--------+--------+--------+-----+--------+

Top non-repeatable levels by time:
     D:5: 2221 daAuts
     D:7: 1539 daAuts
     D:4: 1506 daAuts
     D:2: 1355 daAuts
     D:3: 1053 daAuts
     D:6: 808 daAuts
     D:1: 604 daAuts
     D:8: 70 daAuts
  Temple: 20 daAuts
